 Dungeon Crawl Stone Soup version 0.30-a0-218-gedb9141078 (webtiles) character file.

Game seed: 11760642034551500069

3204 Flugkiller the Martial Artist (level 10, 0/86 HPs)
             Began as a Meteoran Chaos Knight on Oct 5, 2022.
             Was a Plaything of Xom.
             Slain by Harold
             ... wielding a +0 long sword
              (10 damage)
             ... on level 9 of the Dungeon.
             The game lasted 00:15:05 (3581 turns).

Flugkiller the Martial Artist (MeCK)                Turns: 3581, Time: 00:15:06

Health: 0/86       AC:  8    Str: 16    XL:     10   Next: 39%
Magic:  0/11       EV: 13    Int: 24    God:    Xom [..*...]
Gold:   323        SH:  5    Dex: 12    Spells: 9/9 levels left

rFire   + . .      SeeInvis .      - Unarmed
rCold   . . .      Faith    .    l - +0 buckler
rNeg    . . .      Spirit   +    a - +2 leather armour
rPois   .          Reflect  .    (helmet restricted)
rElec   .          Harm     .    (no cloak)
rCorr   .          Rampage  .    (no gloves)
Will    +....                    c - +2 pair of boots {Stlth+}
Stlth   +.........               B - amulet of guardian spirit
HPRegen 0.34/turn                p - ring of protection from fire
MPRegen 0.12/turn                (no ring)

@: mighty, marked, glowing
A: sense surroundings 2, otherworldly, glowing, explore regen, beak, clever 2,
strong 1, wild magic 1
a: Renounce Religion


You were on level 9 of the Dungeon.
You worshipped Xom.
You were a toy of Xom.
You visited 1 branch of the dungeon, and saw 9 of its levels.

You collected 323 gold pieces.

Inventory:

Hand Weapons
 i - a +0 trident
   (You found it on level 2 of the Dungeon)
 D - the +5 hand axe of Gallantry {vorpal, rPois rC++ Str-5 Dex+10}
   (You found it on level 6 of the Dungeon)

   It inflicts extra damage upon your enemies.
   Str:       It affects your strength (-5).
   Dex:       It affects your dexterity (+10).
   rC:        It greatly protects you from cold.
   rPois:     It protects you from poison.
Missiles
 h - 13 poisoned darts
Armour
 a - a +2 leather armour (worn)
 c - a +2 pair of boots of stealth (worn)
   (You found it on level 1 of the Dungeon)
 l - a +0 buckler (worn)
   (You found it on level 2 of the Dungeon)
 r - a +0 ring mail
   (You found it on level 7 of the Dungeon)
 z - a +0 helmet
   (You took it off Robin on level 1 of the Dungeon)
 E - the +0 leather armour of Muttered Phrases {rC+}
   (You found it on level 6 of the Dungeon)

   rC:        It protects you from cold.
Jewellery
 p - a ring of protection from fire (left hand)
   (You found it on level 7 of the Dungeon)
 B - an amulet of guardian spirit (around neck)
   (You found it on level 6 of the Dungeon)
Scrolls
 e - a scroll of poison
 f - a scroll of summoning {unknown}
 j - a scroll of amnesia
 k - 2 scrolls of vulnerability
 n - a scroll of noise {unknown}
 t - 2 scrolls of teleportation
 v - a scroll of brand weapon {unknown}
 w - a scroll of magic mapping {unknown}
 x - a scroll of blinking {unknown}
 y - a scroll of silence {unknown}
 F - a scroll of enchant weapon {unknown}
 G - a scroll of enchant armour
Potions
 g - 2 potions of cancellation
 s - a potion of mutation {unknown}
 u - 2 potions of attraction
 A - 2 potions of flight
 C - a potion of degeneration
Miscellaneous
 b - a piece from Xom's chessboard (11/15) (quivered)


   Skills:
 + Level 7.3 Fighting
 - Level 2.4 Armour
 + Level 6.8 Dodging
 - Level 6.0 Shields
 + Level 11.9 Unarmed Combat


You had 9 spell levels left.
You didn't know any spells.
Your spell library contained the following spells:

 Spells                   Type           Power      Damage    Failure   Level
 Sublimation of Blood     Necr           0%         N/A       43%         2
 Wereblood                Tmut           0%         N/A       43%         2
 Summon Hydra             Summ           0%         N/A       100%        7


Dungeon Overview and Level Annotations

Branches:
Dungeon (9/15) Zot: 1889   Temple (0/1) D:5
   Lair: D:8-11         Orc: D:9-12

Altars:
Ashenzari
Sif Muna

Annotations:
D:9 Harold


Innate Abilities, Weirdness & Mutations

You passively map the area around you.
You are easily found by Zot.
You glow in the dark.
You regain HP and MP as you explore.
You have a beak for a mouth.
Your mind is very acute. (Int +8, Str/Dex -2)
Your muscles are strong. (Str +4, Int/Dex -1)
Your spells are a little harder to cast, but a little more powerful.


Message History

Your white imp hits the vampire.
Your white imp freezes the vampire.
The vampire resists.
Your ufetubus misses the vampire.
Your ufetubus hits the vampire but does no damage.
The vampire closely misses your ufetubus.
The vampire bites your ufetubus.
You catch the helpless vampire completely off-guard!
You punch the vampire! You peck the vampire, but do no damage.
The vampire is almost destroyed.
Your ufetubus barely misses the vampire.
Your ufetubus completely misses the vampire.
Your white imp gestures at the vampire.
The puff of frost hits the vampire.
The vampire resists.
The vampire is destroyed!
There is an open door, spattered with blood here.
Found an embroidered scarf.
Harold the Weathered comes into view.
He is wielding a +0 long sword and wearing a +1 chain mail of cold resistance.
Harold shouts!
Harold fires a harpoon shot at you. The harpoon shot hits your ufetubus!
Your ufetubus dies!
Your ufetubus disappears in a puff of smoke!
You see here a potion of curing.
q - a potion of curing Harold points at you and mumbles some strange words.
A sentinel's mark forms upon you.
Harold points at you and mumbles some strange words.
The mark upon you grows brighter.
Your white imp gestures at Harold.
The puff of frost hits Harold.
Harold resists.
Harold points at you and mumbles some strange words.
The mark upon you grows brighter.
You hit Harold but do no damage. You peck Harold.
Harold is lightly wounded.
Xom opens a gate.
You hit Harold but do no damage. Your peck misses Harold.
Harold is lightly wounded.
Harold hits you with a +0 long sword!!
You punch Harold!
Harold is moderately wounded.
Your white imp closely misses Harold.
Harold hits you with a +0 long sword!
Your quasit barely misses Harold.
Your quasit claws Harold but does no damage.
Your quasit closely misses Harold.
You hit Harold but do no damage. You peck Harold.
Harold is moderately wounded.
Your white imp hits Harold.
Your white imp freezes Harold.
Harold resists.
Your quasit bites Harold but does no damage.
Your quasit barely misses Harold. x2
Harold asks, "Do you mind if I name my boat the 'Flugkiller'?
Your head will be paying for it, after all."
You block Harold's attack.
You hit Harold. You peck Harold, but do no damage.
Harold is moderately wounded.
Your quasit bites Harold.
Your quasit claws Harold but does no damage. x2
Your white imp barely misses Harold.
Harold hits you with a +0 long sword.
You punch Harold! Your peck misses Harold.
Harold is heavily wounded.
Your quasit bites Harold.
Your quasit barely misses Harold.
Your quasit claws Harold but does no damage.
Your white imp hits Harold but does no damage.
Harold hits you with a +0 long sword!!
* * * LOW HITPOINT WARNING * * *
You punch Harold! You peck Harold, but do no damage.
Harold is severely wounded.
Your white imp disappears in a puff of smoke!
Your quasit bites Harold but does no damage.
Your quasit closely misses Harold.
Your quasit claws Harold.
You hit Harold but do no damage.
Harold is severely wounded.
Harold hits you with a +0 long sword!
* * * LOW HITPOINT WARNING * * *
Your quasit bites Harold but does no damage.
Your quasit claws Harold but does no damage. x2
You hit Harold but do no damage. You peck Harold.
Harold is severely wounded.
Your quasit barely misses Harold.
Your quasit claws Harold but does no damage. x2
Harold hits you with a +0 long sword!
* * * LOW HITPOINT WARNING * * *
Okay, then.
Unknown command.
Okay, then.
You feel better.
Your quasit bites Harold but does no damage.
Your quasit claws Harold but does no damage. x2
Harold hits your quasit with a +0 long sword!
You feel very mighty all of a sudden.
Your quasit bites Harold but does no damage.
Your quasit claws Harold but does no damage.
Your quasit completely misses Harold.
Harold hits your quasit with a +0 long sword!!
Your quasit dies!
Your quasit disappears in a puff of smoke!
Harold shouts!
Unknown command.
You closely miss Harold.
Harold is severely wounded.
Harold hits you with a +0 long sword!
You die...
Xom is highly amused!

,
#....#............
, *
*#....#............
,
,#....'............
,, ,
#.)..#.....#######
,, , ,#....#.....#,
, ,#....####### , *
, #........ , , *
,, * ##......... ,
, , , #.@........*
* , , ,
#.@ยง....... *,,,
,, , #.[........ ,
,, , ,#..........
,, * * * #########.
, * * * , *, , , ,,
, , , ,, , , , ,, ,
, ,


You could see Harold.

Vanquished Creatures
  Sigmund (D:4)
  A water moccasin (D:7)
  A sky beast (D:7)
  2 black bears
  3 ice beasts
  2 ogres
  4 centaurs
  2 phantoms
  2 kobold brigands (D:8)
  A bullfrog (D:7)
  3 scorpions
  4 wights (D:7)
  10 killer bees (D:7)
  A howler monkey (D:6)
  A jelly (D:7)
  A hound (D:6)
  2 orc priests (D:7)
  3 iguanas
  2 orc wizards (D:7)
  Robin (D:1)
  6 adders
  2 ufetubi (D:5)
  3 dart slugs (D:1)
  A worm (D:4)
  10 orcs
  2 bats (D:3)
  3 endoplasms
  2 giant cockroaches (D:2)
  9 hobgoblins
  2 jackals (D:2)
  17 kobolds
  7 quokkas
  2 ball pythons
  4 frilled lizards
  16 goblins
  5 rats
138 creatures vanquished.

Vanquished Creatures (collateral kills)
  A vampire (D:9)
  A black bear (D:4)
  A killer bee (D:7)
  An iguana (D:4)
  A goblin (D:4)
5 creatures vanquished.

Vanquished Creatures (others)
  An orc (D:5)
1 creature vanquished.

Grand Total: 144 creatures vanquished

Notes
Turn   | Place    | Note
-------+----------+-------------------------------------------
     0 | D:1      | Flugkiller the Meteoran Chaos Knight began the quest for
                  | the Orb.
     0 | D:1      | Reached XP level 1. HP: 19/19 MP: 2/2
     0 | D:1      | Noticed an octopode
     0 | D:1      | Noticed a minotaur
     1 | D:1      | Noticed a dwarf
     3 | D:1      | Noticed an ogre
     5 | D:1      | Noticed a formicid
     7 | D:1      | Noticed a minotaur
     8 | D:1      | Noticed a naga
     9 | D:1      | Noticed a spriggan
    15 | D:1      | Noticed a tengu
    17 | D:1      | Noticed a gargoyle
    17 | D:1      | Noticed a spriggan
    21 | D:1      | Noticed a tengu
    21 | D:1      | Noticed a naga
    23 | D:1      | Noticed a merfolk
    23 | D:1      | Noticed a vampire
    25 | D:1      | Noticed a draconian
   136 | D:1      | XOM: potion effect (berserk rage)
   138 | D:1      | Reached XP level 2. HP: 26/26 MP: 3/3
   139 | D:1      | XOM: silly message
   143 | D:1      | Reached skill level 4 in Unarmed Combat
   200 | D:1      | XOM: divination: detect creatures
   220 | D:1      | Found a faded altar of an unknown god.
   336 | D:1      | Reached XP level 3. HP: 31/31 MP: 4/4
   358 | D:1      | XOM: silly message
   466 | D:2      | Noticed Robin
   488 | D:2      | Reached XP level 4. HP: 16/40 MP: 5/5
   490 | D:2      | Reached skill level 5 in Unarmed Combat
   499 | D:2      | HP: 2/40 [Robin/+0 mace (1)]
   506 | D:2      | XOM: potion effect (berserk rage)
   509 | D:1      | Killed Robin
   919 | D:2      | Reached XP level 5. HP: 32/46 MP: 6/6
   926 | D:2      | Reached skill level 1 in Shields
  1271 | D:3      | Reached skill level 6 in Unarmed Combat
  1296 | D:3      | XOM: 2-stop teleportation journey
  1357 | D:4      | XOM: silly message
  1535 | D:4      | XOM: enchant monster (good)
  1661 | D:4      | Reached XP level 6. HP: 39/52 MP: 7/7
  1699 | D:4      | Reached skill level 7 in Unarmed Combat
  1779 | D:4      | Noticed Sigmund
  1779 | D:4      | Noticed a black bear
  1781 | D:4      | XOM: cast spell 'Summon Hydra'
  1783 | D:4      | Killed a black bear
  1784 | D:4      | Reached XP level 7. HP: 59/59 MP: 8/8
  1790 | D:4      | Killed Sigmund
  1791 | D:4      | Reached skill level 8 in Unarmed Combat
  1816 | D:4      | XOM: summons 3 friendly demons
  1834 | D:5      | Entered Level 5 of the Dungeon
  1881 | D:5      | Found a staircase to the Ecumenical Temple.
  1927 | D:5      | Reached skill level 9 in Unarmed Combat
  1927 | D:5      | Reached XP level 8. HP: 51/66 MP: 9/9
  2017 | D:5      | Reached skill level 10 in Unarmed Combat
  2093 | D:5      | Found a shimmering blue altar of Sif Muna.
  2122 | D:5      | XOM: cloud trail
  2126 | D:5      | XOM: 7-stop teleportation journey
  2150 | D:5      | XOM: destruction
  2156 | D:5      | Gained mutation: You passively map the area around you.
                  | [Meteoran growth]
  2156 | D:5      | Reached XP level 9. HP: 72/72 MP: 10/10
  2286 | D:6      | Reached skill level 5 in Shields
  2344 | D:6      | XOM: 8-stop teleportation journey
  2390 | D:6      | Reached skill level 5 in Fighting
  2412 | D:6      | Identified the +5 hand axe of Gallantry {vorpal, rPois rC++
                  | Str-5 Dex+10}
  2481 | D:6      | Identified the +0 leather armour of Muttered Phrases {rC+}
  2812 | D:7      | Found a broken altar of Ashenzari.
  2893 | D:7      | XOM: swap monsters
  2905 | D:7      | XOM: summons 2 friendly demons
  2916 | D:7      | XOM: fog
  2946 | D:7      | XOM: noise
  2948 | D:7      | XOM: summons 2 friendly demons
  3022 | D:6      | XOM: give mutations
  3022 | D:6      | Gained mutation: You have a beak for a mouth. [Xom's grace]
  3022 | D:6      | Gained mutation: Your muscles are strong. (Str +4, Int/Dex
                  | -1) [Xom's grace]
  3022 | D:6      | Gained mutation: Your spells are a little harder to cast,
                  | but a little more powerful. [Xom's grace]
  3048 | D:6      | XOM: give mutations
  3048 | D:6      | Gained mutation: Your mind is acute. (Int +4, Str/Dex -1)
                  | [Xom's grace]
  3048 | D:6      | Gained mutation: Your mind is very acute. (Int +8, Str/Dex
                  | -2) [Xom's grace]
  3080 | D:7      | Reached skill level 11 in Unarmed Combat
  3104 | D:7      | Reached skill level 5 in Dodging
  3215 | D:7      | Reached XP level 10. HP: 70/83 MP: 8/11
  3508 | D:8      | Noticed a catoblepas
  3509 | D:8      | XOM: summons 2 friendly demons
  3527 | D:8      | HP: 1/86 [catoblepas (21)]
  3527 | D:8      | XOM: butterfly on damage
  3548 | D:9      | XOM: summons 2 friendly demons
  3564 | D:9      | Noticed Harold
  3570 | D:9      | XOM: summons friendly quasit
  3578 | D:9      | HP: 2/86 [Harold/+0 long sword (9)]
  3581 | D:9      | Slain by Harold

Illustrated notes

Levels and vault maps discovered:
D:1:      shiori_arrival_whats_in_store_for_you, layout_basic,
          shapermc_ecumenical_altar_totnotflames
D:2:      layout_basic, chequers_garden, uniq_robin
D:3:      layout_basic
D:4:      layout_basic, kennysheep_flooded_box, uniq_sigmund
D:5:      layout_rooms, old_standard_altar, minmay_temple_entry_offerings
D:6:      layout_basic
D:7:      layout_basic, mainiacjoe_overflow_swirl
D:8:      layout_loops_ring, nicolae_hepliaklqana_hazy_memory,
          gammafunk_temple_overflow_elements, serial_bayou_lagoon_a,
          st_stairs_1, minivault_25, minmay_microvault, uniq_maurice
D:9:      layout_gridville, uniq_grum, uniq_joseph, uniq_harold, uniq_pikel

Skill      XL: |  1  2  3  4  5  6  7  8  9 10 |
---------------+-------------------------------+-----
Unarmed Combat | 4 5 6 7 9 10 11 | 11.9
Fighting       | 4 6 7 |  7.3
Shields        | 2 3 4 6 |  6.0
Dodging        | 2 5 6 |  6.8
Armour         | |  2.4

Action                   |  1- 3 |  4- 6 |  7- 9 | 10-12 || total
-------------------------+-------+-------+-------+-------++-------
Melee: Unarmed           |    74 |   179 |   219 |   125 ||   597
       Punch             |     2 |       |       |       ||     2
       Peck              |       |       |     8 |    23 ||    31
Evoke: Piece from Xom's  |       |       |     2 |     4 ||     6
  Use: Scroll            |     3 |     1 |     4 |     1 ||     9
       Potion            |       |     3 |     7 |     2 ||    12
 Stab: Sleeping          |       |     1 |       |       ||     1
       Confused          |       |       |     3 |       ||     3
       Distracted        |       |       |       |     1 ||     1
Armor: Leather armour    |    34 |    91 |    87 |    40 ||   252
Dodge: Dodged            |    37 |    72 |   106 |    53 ||   268
Block: Buckler           |       |    23 |    36 |    42 ||   101

Table legend: (Time is in decaauts)
 A = Elapsed time spent in this place.
 B = Non-inter-level travel time spent in this place.
 C = Inter-level travel time spent in this place.
 D = Time resting spent in this place.
 E = Time spent auto-exploring this place.
 F = Levels seen in this place.
 G = Mean time per level.
                   A        B        C        D        E       F      G
               +--------+--------+--------+--------+--------+-----+--------+
         Total |   3509 |   3143 |    366 |      0 |      0 |   9 |  389.9 |
       Dungeon |   3509 |   3143 |    366 |      0 |      0 |   9 |  389.9 |
               +--------+--------+--------+--------+--------+-----+--------+

Top non-repeatable levels by time:
     D:7: 640 daAuts
     D:6: 497 daAuts
     D:1: 495 daAuts
     D:4: 494 daAuts
     D:2: 440 daAuts
     D:3: 407 daAuts
     D:5: 389 daAuts
     D:8: 105 daAuts
     D:9: 40 daAuts
